[Event "Titled Tuesday Blitz May 9 Early 2023"]
[White "Degenbaev, Aziz"]
[Black "Tasev, Dejan"]
[WhiteFideId "13802640"]
[BlackFideId "936618"]
[WhiteElo "2152"]
[BlackElo "2244"]
[Result "1/2-1/2"]
[Round "06"]
[TimeControl "180+2"]
[Date "2023.05.09"]
[WhiteClock "0:00:02"]
[BlackClock "0:00:02"]

1. e4 e5 2. Nf3 Nc6 3. d4 exd4 4. Nxd4 Bc5 5. Nb3 Bb6 6. Nc3 Nge7 7. Qe2 d6 8. Be3 O-O 9. O-O-O f5 10. f3 Ng6 11. h4 fxe4 12. Nxe4 Nge5 13. h5 h6 14. Qd2 Bf5 15. g4 Bxe4 16. fxe4 Bxe3 17. Qxe3 Nxg4 18. Bc4+ Kh8 19. Qg3 Qg5+ 20. Kb1 Nf2 21. Qc3 Nxd1 22. Rxd1 Ne5 23. Nd4 Qxh5 24. Rg1 Qh2 25. Rd1 Rae8 26. Ne6 Rf3 27. Qd4 Rf2 28. Nxc7 Rxc2 29. Nxe8 Rxc4 30. Qg1 Qxg1 31. Rxg1 Nf3 32. Rd1 Rxe4 33. Nxd6 Re1 34. Rxe1 Nxe1 35. Nxb7 h5 36. Nc5 h4 37. Ne4 h3 38. Nf2 h2 39. a4 g5 40. Nh1 g4 41. b4 Nd3 42. b5 Kg7 43. a5 Nc5 44. Kc2 Kf6 45. Kc3 Ke5 46. Kc4 Nd7 47. Ng3 Kf4 48. Nh1 Kf3 49. b6 axb6 50. a6 Ne5+ 51. Kd5 g3 52. a7 g2 53. a8=Q g1=Q 54. Kxe5+ Ke2 55. Qa2+ Kf3 56. Qd5+ Ke2 57. Qc4+ Kd1 58. Qd3+ Kc1 59. Qc3+ Kd1 60. Qd3+ Ke1 61. Qc3+ Ke2 62. Ng3+ Kf2 63. Ne4+ Kg2 64. Qg3+ Kf1 65. Qf3+ Ke1 66. Qc3+ Ke2 67. Qd2+ Kf3 68. Qf4+ Ke2 69. Qd2+ Kf1 70. Qd3+ Kg2 71. Qe2+ Kh3 72. Qf3+ Kh4 73. Qf4+ Kh5 74. Qf5+ Kh4 75. Qf4+ Kh3 76. Qf3+ Kh4 77. Qf4+ 1/2-1/2


[Site "https://www.chess.com"]

[Event "Titled Tuesday Blitz May 9 Early 2023"]
[White "Bethke, Richard"]
[Black "Guerra Tulcan, Lenin"]
[WhiteFideId "12959243"]
[BlackFideId "3601382"]
[WhiteElo "2369"]
[BlackElo "2368"]
[Result "1-0"]
[Round "06"]
[TimeControl "180+2"]
[Date "2023.05.09"]
[WhiteClock "0:01:19"]
[BlackClock "0:00:14"]

1. e4 c5 2. Nf3 e6 3. d4 cxd4 4. Nxd4 Nc6 5. Nc3 Qc7 6. Be2 a6 7. Be3 Nf6 8. O-O b5 9. a3 Be7 10. f4 Bb7 11. e5 Nxd4 12. Bxd4 Nd5 13. f5 Bc5 14. Ne4 Bxd4+ 15. Qxd4 O-O 16. Nd6 Bc6 17. f6 gxf6 18. exf6 Qa7 19. Qxa7 Rxa7 20. Rf3 Kh8 21. Bd3 Rc7 22. Raf1 Ba8 23. Rh3 Rc6 24. Rxh7+ Kg8 25. Rg7+ Kh8 26. Nxf7+ Rxf7 27. Rxf7 Kg8 28. Rg7+ Kf8 29. Rh7 Bb7 30. f7 1-0


[Site "https://www.chess.com"]

[Event "Titled Tuesday Blitz May 9 Early 2023"]
[White "cristianserban1"]
[Black "Ambartsumova, Karina"]
[BlackFideId "4166299"]
[WhiteElo "2486"]
[BlackElo "2240"]
[Result "1-0"]
[Round "06"]
[TimeControl "180+2"]
[Date "2023.05.09"]
[WhiteClock "0:00:06"]
[BlackClock "0:00:18"]

1. d4 Nf6 2. Bf4 d5 3. e3 c5 4. Nf3 e6 5. Nbd2 Bd6 6. Bg3 O-O 7. c3 Qc7 8. Ne5 Nbd7 9. f4 b6 10. Bd3 Bb7 11. Qf3 a5 12. Bh4 Ba6 13. Bxa6 Rxa6 14. O-O Qb7 15. Rfd1 b5 16. Nxd7 Nxd7 17. e4 cxd4 18. cxd4 dxe4 19. Nxe4 Qd5 20. Nxd6 Qxd6 21. d5 Nc5 22. dxe6 Qxe6 23. Rac1 Ne4 24. f5 Qb6+ 25. Bf2 Nxf2 26. Qxf2 Qf6 27. Rd5 b4 28. Qd4 Qg5 29. Rd1 Rf6 30. h4 Qg3 31. Rd8 h5 32. Rxf8+ Kh7 33. Qd8 Rxf5 34. Rh8+ Kg6 35. Qd6+ Qxd6 36. Rxd6+ f6 37. Rhd8 Rc5 38. Rd2 Rc1+ 39. Kh2 Rc4 40. R8d4 Rc1 41. Rd5 Rc4 42. g3 a4 43. R5d4 Rc5 44. Rxb4 Ra5 45. Rdd4 a3 46. b3 Rc5 47. Rbc4 Re5 48. Re4 Rd5 49. Rcd4 Rc5 50. Re2 Ra5 51. Ra4 Rc5 52. Rxa3 Rc1 53. Ra4 Kf5 54. Rc4 Ra1 55. Rf4+ Kg6 56. a4 Kh6 57. Rb4 g5 58. hxg5+ fxg5 59. Rb6+ Kg7 60. Rb5 Kf6 61. Rb6+ Kf5 62. Rb5+ Kg4 63. Rb4+ Kf3 64. Rc2 g4 65. Rf4+ Ke3 66. Rf6 Rb1 67. Rb6 Kf3 68. Rf6+ Ke3 69. a5 Rxb3 70. a6 Ra3 71. Rfc6 Ke4 72. R6c4+ Kd5 73. Rc5+ Kd6 74. Rxh5 Ke7 75. Rh6 Kf7 76. Rf2+ Kg7 77. Rb6 Kg8 78. Rc2 Kf7 79. Rc7+ Ke8 80. Rb8# 1-0


[Site "https://www.chess.com"]

[Event "Titled Tuesday Blitz May 9 Early 2023"]
[White "cryptoguru02"]
[Black "Ljukin, Sergei"]
[BlackFideId "14102200"]
[WhiteElo "2613"]
[BlackElo "2312"]
[Result "0-1"]
[Round "06"]
[TimeControl "180+2"]
[Date "2023.05.09"]
[WhiteClock "0:00:24"]
[BlackClock "0:00:07"]

1. d4 d5 2. c4 c6 3. Nc3 Nf6 4. Nf3 dxc4 5. a4 Bf5 6. Ne5 Na6 7. f3 Nd7 8. Nxd7 Bxd7 9. e4 e5 10. dxe5 Be6 11. Be3 Bc5 12. Bxc5 Nxc5 13. f4 Qb6 14. Qc2 Nb3 15. Rd1 Qe3+ 16. Ne2 Nc5 17. f5 Nd3+ 18. Rxd3 cxd3 19. Qc3 Bb3 20. Qd4 Qxd4 21. Nxd4 Bxa4 22. e6 O-O-O 23. b3 Rxd4 24. bxa4 fxe6 25. Kd2 exf5 26. exf5 c5 27. g3 c4 28. Bg2 Re8 29. Kc3 Rd6 30. Bf3 Re3 31. Rf1 d2+ 32. Kc2 Rxf3 33. Rd1 Re3 34. a5 c3 35. Rxd2 cxd2 36. Kd1 Re1+ 37. Kc2 d1=Q+ 38. Kc3 Re3+ 39. Kb4 Qb3+ 40. Kc5 Rd5# 0-1


[Site "https://www.chess.com"]

[Event "Titled Tuesday Blitz May 9 Early 2023"]
[White "Rom, Jasper"]
[Black "Weishaeutel, Moritz"]
[WhiteFideId "2023733"]
[BlackFideId "12967300"]
[WhiteElo "2233"]
[BlackElo "2301"]
[Result "1/2-1/2"]
[Round "06"]
[TimeControl "180+2"]
[Date "2023.05.09"]
[WhiteClock "0:00:10"]
[BlackClock "0:00:02"]

1. e4 e5 2. Nf3 Nf6 3. Nxe5 Nc6 4. Nxc6 dxc6 5. d3 Bc5 6. Be2 h5 7. h3 Qd4 8. Rf1 Qd6 9. c3 Bb6 10. Nd2 Qh2 11. Bf3 Be6 12. d4 h4 13. Qe2 O-O-O 14. Nc4 Bxc4 15. Qxc4 Nxe4 16. Bxe4 Rhe8 17. Qe2 Kb8 18. Bg5 f6 19. Bxh4 Qf4 20. Bg3 Qxe4 21. Qxe4 Rxe4+ 22. Kd2 c5 23. f3 Re7 24. Rfe1 Red7 25. Kc2 cxd4 26. cxd4 Rxd4 27. Rad1 Rxd1 28. Rxd1 Rxd1 29. Kxd1 Kc8 30. Kc2 Kd7 31. Kd3 Ke6 32. Ke4 f5+ 33. Kf4 Bd4 34. Kg5 c5 35. b3 b5 36. Kg6 c4 37. bxc4 bxc4 38. Bf4 c3 39. Bc1 c2 40. g4 f4 41. h4 Be3 42. Bb2 Bd4 43. Bc1 Kd5 44. Bxf4 Kc4 45. Bc1 Kd3 46. h5 Be3 47. Bb2 Bd4 48. Bc1 Be3 49. Ba3 Bc5 50. Bb2 Bd4 51. Bc1 1/2-1/2


[Site "https://www.chess.com"]

[Event "Titled Tuesday Blitz May 9 Early 2023"]
[White "feuervogel1000000"]
[Black "Aggelis, Nikolaos"]
[BlackFideId "4213220"]
[WhiteElo "2456"]
[BlackElo "2189"]
[Result "1-0"]
[Round "06"]
[TimeControl "180+2"]
[Date "2023.05.09"]
[WhiteClock "0:01:56"]
[BlackClock "0:01:40"]

1. e4 c6 2. d4 d5 3. e5 c5 4. dxc5 e6 5. a3 Bxc5 6. b4 Bb6 7. Nf3 Nc6 8. Bb2 Nge7 9. Bd3 O-O 10. Bxh7+ Kxh7 11. Ng5+ Kh6 12. Bc1 Kg6 13. h4 Bxf2+ 14. Kxf2 Qb6+ 15. Ke1 Nxe5 16. h5+ Kf5 17. Rf1+ Nf3+ 18. Qxf3+ 1-0


[Site "https://www.chess.com"]

[Event "Titled Tuesday Blitz May 9 Early 2023"]
[White "Bayasgalan, Khishigbaatar"]
[Black "Antal, Gergely"]
[WhiteFideId "4904311"]
[BlackFideId "717312"]
[WhiteElo "2057"]
[BlackElo "2471"]
[Result "0-1"]
[Round "06"]
[TimeControl "180+2"]
[Date "2023.05.09"]
[WhiteClock "0:00:00"]
[BlackClock "0:00:10"]

1. d4 f5 2. c4 Nf6 3. Nc3 d6 4. d5 e5 5. dxe6 Bxe6 6. e3 Nc6 7. Nf3 Be7 8. Nd4 Bd7 9. Bd3 Nxd4 10. exd4 O-O 11. O-O c6 12. Re1 g6 13. Bg5 Nd5 14. Bxe7 Nxe7 15. Qf3 Kg7 16. Qf4 Rf6 17. Re2 Ng8 18. Rae1 Qf8 19. d5 c5 20. Bc2 Re8 21. Ba4 Rxe2 22. Rxe2 Bxa4 23. Nxa4 Nh6 24. h3 Nf7 25. Nc3 a6 26. b3 Ne5 27. Qd2 Rf7 28. f4 Nd7 29. Re6 Qb8 30. Qe3 Nf8 31. Re8 Qc7 32. h4 Qd7 33. Na4 Qc7 34. Kh2 Kg8 35. Nb2 Qd7 36. Nd3 b5 37. Ne1 bxc4 38. bxc4 Qa4 39. Qe2 Qa3 40. Nf3 Qc1 41. g3 h6 42. Rd8 Qc3 43. Rxd6 Rb7 44. Qe8 Qxf3 45. Rxg6+ Rg7 46. Rxg7+ Kxg7 47. Qe7+ Kg8 48. Qe1 Qe4 49. Qxe4 fxe4 50. g4 Nd7 51. Kg3 Nb6 52. f5 Nxc4 53. Kf4 Nd6 54. g5 hxg5+ 55. hxg5 c4 56. Ke3 c3 57. g6 Kg7 58. a4 Nxf5+ 59. Kxe4 c2 60. Kxf5 c1=Q 0-1


[Site "https://www.chess.com"]

[Event "Titled Tuesday Blitz May 9 Early 2023"]
[White "Fernandez Garcia, Gumersindo"]
[Black "Berezin, Viktor"]
[WhiteFideId "24516740"]
[BlackFideId "14107872"]
[WhiteElo "2093"]
[BlackElo "2310"]
[Result "1-0"]
[Round "06"]
[TimeControl "180+2"]
[Date "2023.05.09"]
[WhiteClock "0:00:03"]
[BlackClock "0:00:00"]

1. d4 Nf6 2. Nf3 g6 3. c4 Bg7 4. Nc3 O-O 5. Bg5 d6 6. Qd2 c5 7. d5 a6 8. a4 e6 9. e4 exd5 10. exd5 Re8+ 11. Be2 Bf5 12. O-O Qc7 13. Nh4 Bc8 14. Bd3 Nbd7 15. Rae1 Ne5 16. Be2 Bd7 17. f4 Neg4 18. f5 Ne4 19. Nxe4 Rxe4 20. Bxg4 Rxg4 21. fxg6 hxg6 22. Re7 Rf8 23. h3 Rd4 24. Qe2 Be5 25. Bf6 Bxf6 26. Rxf6 Rxh4 27. Qf2 Rh7 28. Qf4 Qd8 29. Qxd6 Bf5 30. Qxd8 Rxd8 31. Rxb7 Kf8 32. Rxa6 Rh4 33. Raa7 Rxc4 34. Rxf7+ Kg8 35. Rg7+ Kh8 36. Rh7+ Kg8 37. g4 Be4 38. Rhg7+ Kh8 39. a5 Rc1+ 40. Kf2 Rc2+ 41. Kg3 Rxb2 42. Kh4 c4 43. Rac7 Rb4 44. a6 Ra4 45. a7 Re8 46. Rgf7 Bd3 47. d6 Ra5 48. d7 Rd8 49. Rc8 g5+ 50. Kh5 1-0


[Site "https://www.chess.com"]

[Event "Titled Tuesday Blitz May 9 Early 2023"]
[White "Sourath Biswas"]
[Black "electrosaw"]
[WhiteFideId "35091484"]
[WhiteElo "2171"]
[BlackElo "2452"]
[Result "1-0"]
[Round "06"]
[TimeControl "180+2"]
[Date "2023.05.09"]
[WhiteClock "0:01:29"]
[BlackClock "0:01:46"]

1. d4 Nf6 2. Bf4 c5 3. e3 Nd5 4. Bg3 Qb6 5. c4 Nf6 6. Nc3 Qxb2 7. Nge2 Qb6 8. Rb1 Qd8 9. Nb5 Na6 10. Qa4 Ne4 11. Bf4 g5 12. Be5 f6 13. Qc2 Qa5+ 14. Nbc3 Nxc3 15. Nxc3 fxe5 16. Rb5 Qd8 17. Be2 d6 18. Bh5+ Kd7 19. dxe5 Nc7 20. Rxc5 dxc5 21. Qd2+ Nd5 22. Qxd5+ Kc7 23. Nb5+ 1-0


[Site "https://www.chess.com"]

[Event "Titled Tuesday Blitz May 9 Early 2023"]
[White "Da Silva, Lindolfo Luiz"]
[Black "Domingo Nunez, Ruben"]
[WhiteFideId "2106558"]
[BlackFideId "22245570"]
[WhiteElo "2434"]
[BlackElo "2404"]
[Result "0-1"]
[Round "06"]
[TimeControl "180+2"]
[Date "2023.05.09"]
[WhiteClock "0:00:02"]
[BlackClock "0:01:05"]

1. d4 g6 2. g4 Bg7 3. h3 d6 4. Bg2 h5 5. g5 e5 6. dxe5 Bxe5 7. Nf3 Bg7 8. c3 Ne7 9. Bf4 a5 10. Nbd2 a4 11. a3 Nd7 12. Nf1 Nc5 13. h4 Nb3 14. Rb1 Bf5 15. N3d2 Nxd2 16. Nxd2 Bxb1 17. Qxb1 d5 18. Nf3 O-O 19. O-O Nf5 20. e4 dxe4 21. Qxe4 c6 22. Qb4 Qd7 23. Bh3 Qd5 24. Bg2 Qb3 25. Qxb3 axb3 26. Bh3 Ra4 27. Bg3 Re8 28. Bxf5 gxf5 29. Rd1 Re2 30. Rd2 Rxd2 31. Nxd2 f4 32. Bh2 Bxc3 33. bxc3 b2 34. Kg2 Rxa3 35. Kf3 Rxc3+ 36. Kxf4 Rc2 37. Nb1 Rxf2+ 38. Kg3 Rf1 39. Nc3 Rc1 0-1


[Site "https://www.chess.com"]

[Event "Titled Tuesday Blitz May 9 Early 2023"]
[White "brm72"]
[Black "Rottenwohrer Suarez, Juan"]
[BlackFideId "32068182"]
[WhiteElo "2594"]
[BlackElo "2174"]
[Result "0-1"]
[Round "06"]
[TimeControl "180+2"]
[Date "2023.05.09"]
[WhiteClock "0:00:13"]
[BlackClock "0:00:14"]

1. e4 c5 2. Nf3 g6 3. d4 cxd4 4. Nxd4 Nc6 5. c4 Nf6 6. Nc3 d6 7. Be3 Ng4 8. Nxc6 bxc6 9. Bc1 Qb6 10. Qc2 Bg7 11. h3 Ne5 12. Be2 O-O 13. O-O Rb8 14. b3 c5 15. Nd5 Qd8 16. Bg5 Nc6 17. Rad1 Be6 18. Qd2 Bxd5 19. exd5 Nd4 20. Bd3 a5 21. Rfe1 Rb7 22. h4 Re8 23. h5 a4 24. hxg6 hxg6 25. bxa4 Rb2 26. Qf4 Rxa2 27. Qg4 Qc8 28. Qxc8 Rxc8 29. Bxe7 Bf8 30. Bxf8 Kxf8 31. Ra1 Rxa1 32. Rxa1 Ra8 33. Ra3 Ra5 34. f3 f5 35. Kf2 g5 36. g3 f4 37. gxf4 gxf4 38. Be4 Kg7 39. Ke1 Kf6 40. Kd2 Ke5 41. Kc3 Ne2+ 42. Kd2 Ng3 43. Bg6 Nf1+ 44. Ke2 Ne3 45. Be4 Nxc4 46. Ra1 Nb2 47. Bc2 Kxd5 48. Ra2 Nc4 49. Bb3 Kd4 50. Rc2 Ne5 51. Rd2+ Kc3 52. Bd1 c4 53. Rxd6 Kb4 54. Rd4 Nd3 55. Bc2 Kc3 56. Rxd3+ cxd3+ 57. Bxd3 Rxa4 58. Be4 Ra2+ 59. Kf1 Kd4 60. Bc6 Ke3 61. Be4 Rf2+ 62. Kg1 Rd2 63. Kf1 Rd4 64. Kg1 Rb4 65. Kg2 Ra4 66. Kh3 Ra2 67. Kg4 Rg2+ 68. Kf5 Rg3 69. Ke5 Rxf3 70. Bxf3 Kxf3 71. Kd4 Kg3 72. Kd3 f3 73. Ke3 f2 74. Ke2 Kg2 75. Kd2 f1=Q 76. Kc2 Qf3 77. Kb2 Kg3 78. Ka2 Kf4 79. Kb2 Ke4 80. Ka2 Kd4 81. Kb2 Kc4 82. Ka2 Qb3+ 83. Ka1 Qb4 84. Ka2 Kc3 85. Ka1 Qb2# 0-1


[Site "https://www.chess.com"]

[Event "Titled Tuesday Blitz May 9 Early 2023"]
[White "Kleiman, Jake"]
[Black "Rangel, Daniel"]
[WhiteFideId "2020041"]
[BlackFideId "2124475"]
[WhiteElo "2593"]
[BlackElo "2256"]
[Result "1-0"]
[Round "06"]
[TimeControl "180+2"]
[Date "2023.05.09"]
[WhiteClock "0:00:09"]
[BlackClock "0:00:00"]

1. e4 c5 2. c3 g6 3. d4 cxd4 4. cxd4 d5 5. e5 Bg7 6. Nc3 Nc6 7. h3 Bh6 8. f4 e6 9. Nf3 Nge7 10. g4 O-O 11. Bg2 f6 12. exf6 Rxf6 13. g5 Nf5 14. gxf6 Qxf6 15. Ne2 b6 16. Qa4 Bd7 17. Qd1 Rc8 18. a3 Na5 19. O-O Nc4 20. Ne5 Bb5 21. Nc3 Nce3 22. Bxe3 Nxe3 23. Ng4 Nxg4 24. Nxb5 Ne3 25. Qd3 Nxf1 26. Rxf1 Bxf4 27. Nxa7 Rf8 28. Nb5 g5 29. Nc3 Rc8 30. Ne2 Rc4 31. b3 Rc7 32. Nxf4 gxf4 33. Kh1 Rf7 34. Bf3 Kh8 35. Rg1 Rg7 36. Rxg7 Kxg7 37. Qd2 Qh4 38. Bg4 Qf6 39. Qd3 e5 40. dxe5 Qxe5 41. Kg2 h5 42. Bf3 Qg5+ 43. Kf1 Qg3 44. Qd4+ Kf8 45. Qf6+ Ke8 46. Bxh5+ Kd7 47. Bg4+ Kc7 48. Qe5+ Kc6 49. Qe6+ Kc5 50. Qe1 Qxb3 51. Qc1+ Kb5 52. Be2+ Ka4 53. Bd1 1-0


[Site "https://www.chess.com"]

[Event "Titled Tuesday Blitz May 9 Early 2023"]
[White "Orzech, Dominik"]
[Black "Omranalhosani21"]
[WhiteFideId "1115065"]
[WhiteElo "2260"]
[BlackElo "2592"]
[Result "0-1"]
[Round "06"]
[TimeControl "180+2"]
[Date "2023.05.09"]
[WhiteClock "0:00:00"]
[BlackClock "0:00:06"]

1. d4 d5 2. Nf3 Nd7 3. c4 dxc4 4. e4 Nb6 5. Nbd2 e6 6. Nxc4 Nf6 7. Ncd2 Be7 8. Qc2 O-O 9. Be2 Bd7 10. O-O Rc8 11. Nb3 Ba4 12. Rd1 Qe8 13. Be3 Bb5 14. Nc5 Bxe2 15. Qxe2 Rb8 16. Rac1 Nbd7 17. Nxd7 Qxd7 18. Ne5 Qd8 19. d5 exd5 20. exd5 Bd6 21. Nc4 Re8 22. h3 a6 23. Qf3 Ne4 24. Ba7 Ra8 25. Bd4 Qg5 26. Re1 Nd2 27. Nxd2 Qxd2 28. Bc3 Qg5 29. g3 h6 30. h4 Qg6 31. Kg2 h5 32. Re3 Rxe3 33. Qxe3 Qf5 34. Qd4 f6 35. Re1 Rd8 36. Qc4 Bf8 37. d6+ Kh7 38. dxc7 Rc8 39. Qf7 Bd6 40. Re7 Bxe7 41. Qxe7 Qd5+ 42. Kh2 Qc6 43. Qf7 Rxc7 44. Qxh5+ Kg8 45. Qg6 Qc5 46. Kg2 Qd5+ 47. Kg1 Re7 48. h5 Qd1+ 49. Kg2 Qd5+ 50. Kg1 Qg5 51. Qd3 Qxh5 52. Qd8+ Qe8 53. Qc7 Rxc7 0-1


[Site "https://www.chess.com"]

[Event "Titled Tuesday Blitz May 9 Early 2023"]
[White "Lorenzo De La Riva, Lazaro"]
[Black "Nissinen, Niilo Man"]
[WhiteFideId "2268809"]
[BlackFideId "30950767"]
[WhiteElo "2294"]
[BlackElo "1952"]
[Result "0-1"]
[Round "06"]
[TimeControl "180+2"]
[Date "2023.05.09"]
[WhiteClock "0:00:00"]
[BlackClock "0:00:03"]

1. e4 c5 2. Nf3 Nc6 3. d4 cxd4 4. Nxd4 e5 5. Nb5 d6 6. N1c3 Be6 7. Na3 Nf6 8. Nc4 d5 9. exd5 Nxd5 10. Nxd5 Qxd5 11. Qxd5 Bxd5 12. Ne3 Be6 13. Bd2 O-O-O 14. Bc4 Bxc4 15. Nxc4 Bc5 16. O-O-O f6 17. f3 Nd4 18. Kb1 Ne6 19. g3 Rd4 20. b3 Rhd8 21. c3 Rd3 22. Kc2 Rxf3 23. b4 Be7 24. Rhf1 Rfd3 25. a4 h5 26. Ne3 Ng5 27. Nf5 Bf8 28. Bxg5 Rxd1 29. Rxd1 Rxd1 30. Kxd1 fxg5 31. Ke2 Kd7 32. Kf3 Ke6 33. Ne3 Be7 34. Ke4 g4 35. Nd5 Bd6 36. c4 a5 37. bxa5 Bc5 38. Ne3 g5 39. Nf1 h4 40. Kd3 Kf5 41. Nd2 Bg1 42. gxh4 gxh4 43. Nf1 Kf4 44. c5 g3 45. hxg3+ hxg3 46. a6 bxa6 47. c6 g2 48. Nd2 Bb6 49. Nc4 g1=Q 50. Nxb6 Qxb6 0-1


[Site "https://www.chess.com"]

[Event "Titled Tuesday Blitz May 9 Early 2023"]
[White "Nikologorskiy, Konstantin"]
[Black "Samaganova, Aleksandra"]
[WhiteFideId "24111708"]
[BlackFideId "13800221"]
[WhiteElo "2273"]
[BlackElo "1858"]
[Result "1-0"]
[Round "06"]
[TimeControl "180+2"]
[Date "2023.05.09"]
[WhiteClock "0:01:15"]
[BlackClock "0:00:00"]

1. d4 Nf6 2. c4 e6 3. Nf3 b6 4. g3 Bb7 5. Bg2 Be7 6. O-O O-O 7. Nc3 Ne4 8. Qd3 Nxc3 9. Qxc3 f5 10. b3 d6 11. Bb2 Nd7 12. Ng5 Bxg5 13. Bxb7 Rb8 14. Bg2 Bf6 15. e4 fxe4 16. Bxe4 e5 17. Qd3 g6 18. Rae1 exd4 19. Bxd4 Ne5 20. Qc3 Kg7 21. f4 Ng4 22. Bf3 Bxd4+ 23. Qxd4+ Nf6 24. Re6 Rf7 25. Rfe1 Qf8 26. Bd5 b5 27. g4 bxc4 28. g5 cxb3 29. gxf6+ Kh8 30. axb3 c6 31. Bxc6 Qh6 32. Re8+ Rf8 33. f7+ Qg7 34. Rxf8+ Rxf8 35. Qxg7+ Kxg7 36. Be8 d5 37. Rd1 Kf6 38. Rxd5 h6 39. Ra5 g5 40. fxg5+ hxg5 41. Ra6+ Kf5 42. Rxa7 g4 43. b4 Rh8 44. b5 1-0


[Site "https://www.chess.com"]

[Event "Titled Tuesday Blitz May 9 Early 2023"]
[White "Jaivardhan Raj"]
[Black "Bruedigam, Martin"]
[WhiteFideId "25744437"]
[BlackFideId "24608033"]
[WhiteElo "1772"]
[BlackElo "2331"]
[Result "0-1"]
[Round "06"]
[TimeControl "180+2"]
[Date "2023.05.09"]
[WhiteClock "0:01:07"]
[BlackClock "0:01:40"]

1. e4 c6 2. d4 d5 3. Nd2 dxe4 4. Nxe4 Bf5 5. Ng3 Bg6 6. Nf3 Nd7 7. h4 h6 8. h5 Bh7 9. Bd3 Bxd3 10. Qxd3 e6 11. Bd2 Ngf6 12. O-O-O Be7 13. Rde1 O-O 14. Kb1 c5 15. dxc5 Nxc5 16. Qxd8 Rfxd8 17. Bb4 a5 18. Ba3 b5 19. c3 b4 20. cxb4 Nd3 21. b5 Bxa3 22. bxa3 Nxe1 23. Rxe1 a4 24. Kc2 Rac8+ 25. Kb2 Rc5 26. Re5 Rxe5 27. Nxe5 Rd5 28. Nc4 Rxb5+ 29. Ka1 Nxh5 30. Nd6 Rd5 31. Nde4 Nxg3 32. fxg3 Rd4 33. Nc3 e5 0-1


[Site "https://www.chess.com"]

[Event "Titled Tuesday Blitz May 9 Early 2023"]
[White "Namitbir Singh Walia"]
[Black "Morefield, Jason"]
[WhiteFideId "35071068"]
[BlackFideId "30920825"]
[WhiteElo "2239"]
[BlackElo "2171"]
[Result "0-1"]
[Round "06"]
[TimeControl "180+2"]
[Date "2023.05.09"]
[WhiteClock "0:00:04"]
[BlackClock "0:01:10"]

1. e4 b6 2. d4 Bb7 3. Bd3 e6 4. Qe2 Nf6 5. Bg5 h6 6. Bh4 Be7 7. Nd2 d5 8. e5 Nfd7 9. Bxe7 Qxe7 10. c3 c5 11. f4 Nc6 12. Ngf3 cxd4 13. Nxd4 Nxd4 14. cxd4 Qb4 15. Qe3 Qxb2 16. O-O Rc8 17. f5 Rc3 18. fxe6 fxe6 19. Rab1 Qa3 20. Rb3 Rxb3 21. axb3 Rf8 22. Bb5 Rxf1+ 23. Nxf1 a6 24. Bxd7+ Kxd7 25. Qg3 Qe7 26. Nd2 a5 27. Qd3 Kc7 28. Nf3 Kb8 29. Qb5 Ka7 30. g3 Qc7 31. Kg2 Qc2+ 32. Kh3 g5 33. Qd7 g4+ 34. Kxg4 Qf5+ 0-1


[Site "https://www.chess.com"]

[Event "Titled Tuesday Blitz May 9 Early 2023"]
[White "Turzo, Attila"]
[Black "Goltsev, Dmitry"]
[WhiteFideId "704954"]
[BlackFideId "24176710"]
[WhiteElo "2485"]
[BlackElo "2356"]
[Result "0-1"]
[Round "06"]
[TimeControl "180+2"]
[Date "2023.05.09"]
[WhiteClock "0:00:11"]
[BlackClock "0:00:08"]

1. d4 Nf6 2. Nf3 e6 3. Bf4 d5 4. e3 c5 5. c3 Nc6 6. Nbd2 Bd6 7. Bg3 O-O 8. Bd3 Re8 9. Ne5 Qc7 10. f4 cxd4 11. exd4 Nd7 12. Bxh7+ Kf8 13. Qh5 Nf6 14. Qh4 Ke7 15. Bd3 a6 16. O-O Bd7 17. f5 Rh8 18. Qf4 Rh5 19. Rae1 Rah8 20. fxe6 Bxe6 21. Ndf3 Nd7 22. Nxc6+ bxc6 23. Ne5 Nxe5 24. dxe5 Bc5+ 25. Kh1 a5 26. Be2 R5h7 27. Bg4 Qd7 28. Bxe6 Qxe6 29. Qf5 Rh5 30. Qxe6+ Kxe6 31. h3 a4 32. b4 Bb6 33. Rf3 Rc8 34. Ref1 Rc7 35. Bf4 Rh4 36. g4 c5 37. bxc5 Bxc5 38. Kg2 Rb7 39. Bc1 Kxe5 40. Rxf7 Rxf7 41. Rxf7 Ke4 42. Rxg7 Kd3 43. Rd7 Kc4 44. Rc7 Kb5 45. Bg5 Rh8 46. h4 Re8 47. Bf6 Re2+ 48. Kf3 Rf2+ 49. Kg3 Rxf6 50. g5 Bd6+ 51. Kg4 Rf4+ 52. Kh5 Bxc7 53. g6 Be5 54. Kg5 Rf1 55. h5 Rg1+ 56. Kf5 Bxc3 57. h6 d4 58. h7 d3 59. Ke4 d2 60. g7 Bxg7 0-1


[Site "https://www.chess.com"]

[Event "Titled Tuesday Blitz May 9 Early 2023"]
[White "Perez Gormaz, Matias"]
[Black "Pourkashiyan, Atousa"]
[WhiteFideId "3406342"]
[BlackFideId "12502014"]
[WhiteElo "2362"]
[BlackElo "2228"]
[Result "0-1"]
[Round "06"]
[TimeControl "180+2"]
[Date "2023.05.09"]
[WhiteClock "0:00:03"]
[BlackClock "0:00:15"]

1. e4 c5 2. Nf3 e6 3. d4 cxd4 4. Nxd4 a6 5. Bd3 Bc5 6. Nb3 Be7 7. O-O Nc6 8. Qg4 g6 9. Qe2 Qc7 10. a4 d6 11. a5 Bd7 12. N1d2 Nf6 13. Nc4 O-O 14. Bf4 Ne5 15. Nb6 Rad8 16. Rad1 Bc6 17. h3 Nfd7 18. Be3 Nc5 19. Nxc5 dxc5 20. f4 Nxd3 21. cxd3 Bf6 22. Rc1 Bd4 23. Kh2 Bb5 24. Rf3 Bxe3 25. Qxe3 Rxd3 26. Qxc5 Qxc5 27. Rxc5 Rd2 28. b3 Bc6 29. Re3 Rfd8 30. Nc4 Rf2 31. Kg3 Rc2 32. b4 Rd1 33. Ne5 Rxc5 34. bxc5 Rc1 35. Rd3 Rxc5 36. Rd8+ Kg7 37. Ng4 Bxe4 38. Rd7 Bc6 39. Re7 Kf8 40. Rc7 Rc2 41. Ne5 Rxg2+ 42. Kh4 Rf2 43. Kg5 h6+ 44. Kg4 f5+ 45. Kg3 Rg2+ 46. Kh4 Be8 47. Rxb7 g5+ 0-1


[Site "https://www.chess.com"]

[Event "Titled Tuesday Blitz May 9 Early 2023"]
[White "Perera Alfonso, Rene Humberto"]
[Black "Papasimakopoulos, Alexandros"]
[WhiteFideId "3514722"]
[BlackFideId "4244125"]
[WhiteElo "2313"]
[BlackElo "2359"]
[Result "1-0"]
[Round "06"]
[TimeControl "180+2"]
[Date "2023.05.09"]
[WhiteClock "0:00:48"]
[BlackClock "0:00:02"]

1. e4 c5 2. Nf3 d6 3. d4 cxd4 4. Nxd4 g6 5. Nc3 Bg7 6. Be3 Nc6 7. Qd2 Nf6 8. f3 O-O 9. Bc4 Bd7 10. O-O-O Rc8 11. Bb3 Na5 12. Kb1 Nc4 13. Bxc4 Rxc4 14. h4 b5 15. h5 b4 16. Nce2 a5 17. hxg6 fxg6 18. Nf5 gxf5 19. Qd5+ Kh8 20. Qxc4 fxe4 21. fxe4 Ng4 22. Bd4 Ne5 23. Qb3 Bg4 24. Qe3 Qe8 25. Rdf1 a4 26. Rxf8+ Qxf8 27. Nf4 Kg8 28. Qg3 a3 29. Bxe5 dxe5 30. Qxg4 exf4 31. Qe6+ Kh8 32. Rd1 Bxb2 33. Rd7 Bf6 34. e5 Bg5 35. Qd5 Kg7 36. Rd8 Qf7 37. Qc5 Qf5 38. Qxb4 Qxe5 39. Qd4 Bf6 40. Qxe5 Bxe5 41. c4 Bd6 42. Kc2 Kf6 43. Kd3 Kf5 44. Rf8+ Kg4 45. Ke4 Kg3 46. Rg8+ Kf2 47. Rg5 e5 48. c5 Bxc5 49. Rxe5 Be3 50. Rh5 Kxg2 51. Rxh7 Bc1 52. Rc7 Be3 53. Rc3 Kg3 54. Rxa3 Kf2 55. Rb3 Kg2 56. a4 Kf2 57. a5 Ke2 58. a6 Kd2 59. Ra3 Ba7 60. Kxf4 Kc2 61. Ke4 Kb2 62. Rh3 1-0


[Site "https://www.chess.com"]

[Event "Titled Tuesday Blitz May 9 Early 2023"]
[White "Mitusov, Semen"]
[Black "Arat, Ufuk Sezen"]
[WhiteFideId "14151049"]
[BlackFideId "6309089"]
[WhiteElo "2389"]
[BlackElo "2289"]
[Result "1-0"]
[Round "06"]
[TimeControl "180+2"]
[Date "2023.05.09"]
[WhiteClock "0:01:39"]
[BlackClock "0:00:19"]

1. e4 c5 2. Nf3 e6 3. d4 cxd4 4. Nxd4 Nc6 5. Nc3 Qc7 6. Be3 a6 7. g4 b5 8. Nxc6 dxc6 9. Qf3 Bb7 10. h4 Nf6 11. g5 Nd7 12. O-O-O Bd6 13. Bd4 Be5 14. Bxe5 Nxe5 15. Qe3 O-O 16. f4 Ng6 17. f5 exf5 18. exf5 Rfe8 19. Qc5 Qf4+ 20. Kb1 Nxh4 21. f6 Rad8 22. Bd3 Ng6 23. fxg7 Qe5 24. Qf2 Qxg7 25. Ne4 Rxe4 26. Bxe4 Re8 27. Bxg6 Qxg6 28. Rh6 Qg7 29. a3 c5 30. Qxc5 Rc8 31. Qxc8+ Bxc8 32. Rd8+ Qf8 33. Rxf8+ Kxf8 34. Rxh7 Bf5 35. Rh6 Bg6 36. Rh8+ Ke7 37. Ra8 Ke6 38. Rxa6+ Kf5 39. Ra5 Kxg5 40. Rxb5+ Kf4 41. a4 Be4 42. a5 f5 43. a6 Ke3 44. a7 f4 45. Re5 f3 1-0


[Site "https://www.chess.com"]